 Dungeon Crawl Stone Soup version 0.31-a0-700-gf13585253f (webtiles) character file.

Game seed: 16523269584802680115

308 qw the Shooter (level 6, -4/39 HPs)
             Began as a Gargoyle Hunter on Sept 7, 2023.
             Slain by an orc
             ... wielding a +0 hand axe
              (6 damage)
             ... on level 4 of the Dungeon.
             The game lasted 00:01:12 (2710 turns).

qw the Shooter (Gargoyle Hunter)                    Turns: 2710, Time: 00:01:13

Health: -4/39      AC: 11    Str: 15    XL:     6   Next: 40%
Magic:  6/6        EV: 11    Int:  9    God:
Gold:   121        SH:  0    Dex: 15    Spells: 5/5 levels left

rFire   . . .        Y - +2 shortbow
rCold   . . .        (shield currently unavailable)
rNeg    + + +        h - +0 ring mail
rPois   inf          l - +1 helmet
rElec   +            (no cloak)
rCorr   .            (no gloves)
SInv    .            (no boots)
Will    .....        g - amulet of the acrobat
Stlth   +            j - ring of positive energy
HPRegen 0.26/turn    m - ring of positive energy
MPRegen 0.10/turn

%: acrobat
@: about to teleport
A: sickness immunity, AC +4, negative energy resistance 1, electricity
resistance, torment resistance 1, petrification resistance
a: no special abilities


You were on level 4 of the Dungeon.
You visited 1 branch of the dungeon, and saw 4 of its levels.

You collected 121 gold pieces.


Innate Abilities, Weirdness & Mutations

You are immune to sickness and miasma.
Your stone body is resilient. (AC +4)
You are immune to poison.
You resist negative energy. (rN+)
You are resistant to electric shocks. (rElec)
You are resistant to unholy torment.
You are immune to petrification.


   Skills:
 - Level 4.3 Fighting
 + Level 6.2 Ranged Weapons
 - Level 2.0 Armour
 - Level 1.5 Dodging
 - Level 1.1 Stealth


You had 5 spell levels left.
You didn't know any spells.
Your spell library was empty.

Inventory:

Hand Weapons
 Y - a +2 shortbow (weapon)
Armour
 h - a +0 ring mail (worn)
 l - a +1 helmet (worn)
Jewellery
 g - an amulet of the acrobat (around neck)
 j - a ring of positive energy (left hand)
 m - a ring of positive energy (right hand)
Scrolls
 a - a scroll of identify
 k - 4 scrolls of teleportation
Potions
 b - a potion of attraction {unknown}
 c - 2 potions of heal wounds {unknown}
 d - a potion of berserk rage {unknown}
 e - 5 potions of curing
 f - a potion of cancellation {unknown}

Dungeon Overview and Level Annotations

Branches:
Dungeon (4/15)
 Temple: D:4-7

Altars:
Dithmenos
Elyvilon
Yredelemnul

Annotations:
D:2 1 runed translucent door, Crazy Yiuf


Message History

You shoot an arrow. The arrow hits the orc wizard.
The orc wizard is lightly wounded.
You shoot an arrow. The arrow hits the orc wizard!
The orc wizard is severely wounded.
You shoot an arrow. The arrow hits the orc wizard!
You kill the orc wizard!
The orc priest invokes the aid of Beogh against you.
You are unaffected.
You shoot an arrow. The arrow hits the orc.
The orc is severely wounded.
You shoot an arrow. The arrow barely misses the orc.
The orc priest calls upon Beogh to heal the orc.
The orc's wounds heal themselves!
The orc barely misses you.
You shoot an arrow. The arrow barely misses the orc.
The orc hits you but does no damage.
You shoot an arrow. The arrow hits the orc priest.
The orc priest is lightly wounded.
The orc hits you but does no damage.
The orc priest hits you but does no damage.
You shoot an arrow. The arrow hits the orc priest!
The orc priest is severely wounded.
The orc hits you but does no damage.
The orc priest hits you with a +0 falchion.
You shoot an arrow. The arrow hits the orc priest.
The orc priest is almost dead.
The orc priest invokes the aid of Beogh against you.
Beogh smites you! The orc hits you with a +0 hand axe.
The orc hits you but does no damage.
The orc priest invokes the aid of Beogh against you.
Beogh smites you!
2709 ||| READING 5 scrolls of teleportation.
As you read the scroll of teleportation, it crumbles to dust.
You feel strangely unstable.
The orc priest hits you but does no damage.
The orc hits you but does no damage.
You shoot an arrow.
The arrow closely misses the orc priest.
The orc priest invokes the aid of Beogh against you.
You are unaffected.
The orc hits you with a +0 hand axe.
You die...

.)....... .........
.......#. .........
..[..... ....###..
$.....####+## ....#
.. ...>.......#
....# ..).......#
....# .........#
....#
#######o.......#
....#
......o@.......#
....#
######.........#
#.### #.........###
#...
#######...........#
#######
#..........#......#
%.....#
#....%...###......#
......# #........#
#......#
......###........#
#......#
..........##+#.###
###....#


You could see an orc priest and an orc.

Vanquished Creatures
  A howler monkey (D:3)
  Jessica (D:2)
  Natasha (twice) (D:2 D:1)
  A sleepcap (D:3)
  An orc wizard (D:4)
  4 adders
  3 worms
  3 dart slugs (D:2)
  5 orcs (D:3)
  12 ball pythons
  5 endoplasms
  2 giant cockroaches
  8 goblins
  8 hobgoblins
  6 jackals
  10 kobolds
  4 quokkas
  5 bats
  3 frilled lizards
  5 rats
89 creatures vanquished.

Notes
Turn   | Place    | Note
-------+----------+-------------------------------------------
     0 | D:1      | qw the Gargoyle Hunter began the quest for the Orb.
     0 | D:1      | Reached XP level 1. HP: 12/12 MP: 1/1
     0 | D:1      | 0 ||| qw: Version: 0.3-a-76-g4403597
     0 | D:1      | 0 ||| qw: Game counter: 664
     0 | D:1      | 0 ||| qw: Melee chars always use a shield: true
     0 | D:1      | 0 ||| qw: God list: Okawaru
     0 | D:1      | 0 ||| qw: Allow faded altars: false
     0 | D:1      | 0 ||| qw: Do Orc after clearing Dungeon:15 true
     0 | D:1      | 0 ||| qw: Do second Lair branch before Depths: true
     0 | D:1      | 0 ||| qw: Lair rune preference: random
     0 | D:1      | 0 ||| qw: Goals: Normal
     0 | D:1      | 0 ||| PLANNING D:1-11
    38 | D:1      | Reached XP level 2. HP: 17/17 MP: 2/2
   296 | D:1      | Reached XP level 3. HP: 21/21 MP: 3/3
   530 | D:1      | 530 ||| UPGRADING to +0 ring mail.
   540 | D:1      | 540 ||| DROPPING +0 leather armour.
   541 | D:1      | 541 ||| UPGRADING to +0 helmet.
   546 | D:1      | 546 ||| UPGRADING to amulet of the acrobat.
   551 | D:1      | 551 ||| UPGRADING to ring of positive energy.
   552 | D:1      | 552 ||| READING 2 scrolls labelled QIDAL OFFUKO.
   553 | D:1      | 553 ||| READING scroll labelled HAOLUM ADGHUCK.
   554 | D:1      | 554 ||| READING scroll labelled KOZEOD BUFATT.
   555 | D:1      | 555 ||| READING scroll labelled CIWENA KOTOOQ.
   556 | D:1      | 556 ||| READING 2 scrolls labelled SYX ROCICEIFE.
   560 | D:1      | 560 ||| DROPPING scroll of butterflies.
   586 | D:2      | Noticed Jessica
   588 | D:2      | Killed Jessica
   591 | D:2      | Noticed Natasha
   598 | D:2      | Killed Natasha
   599 | D:2      | Reached skill level 5 in Ranged Weapons
   599 | D:2      | Reached XP level 4. HP: 18/26 MP: 4/4
   718 | D:2      | 718 ||| READING scroll of enchant weapon.
   718 | D:2      | 718 ||| ENCHANTING +1 shortbow.
   746 | D:2      | 746 ||| Stepping ~*~*~tactically~*~*~ (outnumbered).
   754 | D:2      | Reached skill level 3 in Fighting
   829 | D:2      | Noticed Natasha
   834 | D:2      | 834 ||| STAIRDANCE
   840 | D:1      | Killed Natasha
   841 | D:1      | Reached XP level 5. HP: 31/32 MP: 5/5
   844 | D:1      | 844 ||| READING 2 scrolls labelled OCOIXZ CASI.
   845 | D:1      | 845 ||| READING scroll of enchant armour.
   845 | D:1      | 845 ||| ENCHANTING +0 helmet.
   848 | D:2      | 848 ||| STAIRDANCE
   859 | D:2      | 859 ||| STAIRDANCE
   906 | D:2      | Found a runed translucent door.
   907 | D:2      | Noticed Crazy Yiuf
  1349 | D:2      | 1349 ||| READING scroll labelled NUZUBECKIFF.
  1350 | D:2      | 1350 ||| DRINKING 2 black potions.
  1582 | D:3      | Reached skill level 6 in Ranged Weapons
  1808 | D:3      | Found a white marble altar of Elyvilon.
  1863 | D:3      | Found a basalt altar of Yredelemnul.
  1900 | D:3      | Found a shadowy altar of Dithmenos.
  2247 | D:3      | Found the +18 Lear's hauberk
  2489 | D:3      | 2489 ||| UPGRADING to ring of positive energy.
  2490 | D:3      | 2490 ||| READING scroll labelled ESSYT SELA.
  2491 | D:3      | 2491 ||| READING 2 scrolls of identify.
  2491 | D:3      | 2491 ||| IDENTIFYING glowing pink potion
  2492 | D:3      | 2492 ||| DROPPING potion of degeneration.
  2500 | D:4      | 2500 ||| STAIRDANCE
  2503 | D:3      | Reached XP level 6. HP: 38/38 MP: 6/6
  2505 | D:4      | 2505 ||| STAIRDANCE
  2521 | D:4      | 2521 ||| STAIRDANCE
  2528 | D:4      | 2528 ||| STAIRDANCE
  2536 | D:4      | 2536 ||| STAIRDANCE
  2708 | D:4      | HP: 2/39 [orc priest/divine providence (12)]
  2709 | D:4      | 2709 ||| READING 5 scrolls of teleportation.
  2710 | D:4      | Slain by an orc

Levels and vault maps discovered:
D:1:      ncdulo_watergridlock, layout_rooms
D:2:      minmay_inner_zag, layout_rooms, uniq_natasha, uniq_jessica,
          uniq_crazy_yiuf_cottage
D:3:      layout_basic, kennysheep_ying_yang, grunt_dithmenos_smoke_and_mirrors,
          kennysheep_generic_room_3
D:4:      layout_basic, uniq_pikel

Skill      XL: |  1  2  3  4  5  6 |
---------------+-------------------+-----
Armour         | 2 |  2.0
Ranged Weapons | 5 6 |  6.2
Fighting       | 3 4 |  4.3
Dodging        | |  1.5
Stealth        | |  1.1

Action                     |  1- 3 |  4- 6 || total
---------------------------+-------+-------++-------
   Fire: Shortbow          |    68 |   199 ||   267
    Use: Scroll            |     5 |     7 ||    12
         Potion            |       |     1 ||     1
 Armour: Leather armour    |    12 |       ||    12
         Ring mail         |     2 |    94 ||    96
  Dodge: Dodged            |    20 |    69 ||    89

Table legend:
 A = Non-vault XP
 B = Vault XP
 C = Vault XP percentage of total XP
 D = Non-vault monster count
 E = Vault monster count
 F = Vault count percentage of total count
                 A         B        C        D         E       F
            +---------+---------+-------+---------+---------+-------
      Total |     341 |      99 |  22.5 |      81 |       8 |   9.0
            +---------+---------+-------+---------+---------+-------
        D:1 |      73 |       0 |   0.0 |      24 |       0 |   0.0
        D:2 |      46 |      94 |  67.1 |      21 |       7 |  25.0
        D:3 |     163 |       5 |   3.0 |      28 |       1 |   3.4
        D:4 |      59 |       0 |   0.0 |       8 |       0 |   0.0
            +---------+---------+-------+---------+---------+-------
